 Dungeon Crawl Stone Soup version 0.16-a0-4008-gc88e425 (webtiles) character file.

179998 BluebellGnoll the Warrior (level 17, -3/180 HPs)
             Began as a Deep Dwarf Gladiator on Feb 15, 2015.
             Was the Champion of Makhleb.
             Slain by a vampiric double sword (34 damage)
             ... on level 2 of the Elven Halls on Feb 16, 2015.
             The game lasted 04:24:25 (37465 turns).

BluebellGnoll the Warrior (Deep Dwarf Gladiator)   Turns: 37465, Time: 04:24:25

Health: -3/180     AC: 19    Str: 30      XL:     17   Next: 63%
Magic:  11/11      EV: 11    Int: 10      God:    Makhleb [******]
Gold:   1630       SH:  0    Dex: 19 (20) Spells: 0 memorised, 16 levels left

rFire  + . .     SeeInvis +     N - +4 war axe (vamp)
rCold  + . .     Clarity  .     Y - +2 chain mail of Cowardice {-Cast rC+ rN+ Str+2 SInv}
rNeg   + + .     SustAb   .     (no shield)
rPois  +         Gourm    +     (helmet restricted)
rElec  +         Spirit   .     (no cloak)
rCorr  .         Warding  .     C - +2 pair of gloves
rMut   .         Stasis   .     D - +0 pair of boots
MR     ++...     NoCast   +     w - amulet of the gourmand
Stlth  ..........               r - ring of poison resistance
                                i - ring "Qeungir" {rElec rF+ Str+6 Dex+4}

@: non-regenerating, studying Long Blades, drained, very resistant to hostile
enchantments, extremely unstealthy
A: damage resistance, recharge devices, antennae 1, negative energy resistance
1, sense surroundings 2, slow healing 3
a: Device Recharging, Minor Destruction, Lesser Servant of Makhleb, Major
Destruction, Greater Servant of Makhleb, Renounce Religion


You were on level 2 of the Elven Halls.
You worshipped Makhleb.
Makhleb was exalted by your worship.
You were not hungry.

You visited 7 branches of the dungeon, and saw 35 of its levels.
You also visited: Bailey and Ice Cave.

You collected 4724 gold pieces.
You spent 3094 gold pieces at shops.

Inventory:

Hand weapons
 o - a +1 war axe of venom
 y - a +0 blowgun
 N - a +4 vampiric war axe (weapon)
 R - a +5 executioner's axe of holy wrath
Missiles
 l - 120 stones
 L - 51 poisoned needles
 S - 9 throwing nets
 U - 6 tomahawks (quivered)
Armour
 A - a +2 buckler
 C - a +2 pair of gloves (worn)
 D - a +0 pair of boots (worn)
 Y - the +2 chain mail of Cowardice (worn) {-Cast rC+ rN+ Str+2 SInv}
   (You found it on level 8 of the Dungeon)

   It affects your strength (+2).
   It protects you from cold.
   It protects you from negative energy.
   It enhances your eyesight.
   It prevents spellcasting.
Rods
 p - a +1 rod of destruction (16/16)
   (You bought it in a shop on level 7 of the Dungeon)
 B - a +1 rod of inaccuracy (10/10)
   (You took it off a centaur warrior on level 15 of the Dungeon)
Jewellery
 i - the ring "Qeungir" (left hand) {rElec rF+ Str+6 Dex+4}
   (You found it in an ice cave)

   [ring of protection from fire]

   It affects your strength (+6).
   It affects your dexterity (+4).
   It protects you from fire.
   It insulates you from electricity.
 m - an uncursed amulet of clarity
 r - a ring of poison resistance (right hand)
 w - an amulet of the gourmand (around neck)
 E - an uncursed ring of protection from magic
 K - an uncursed ring of protection from fire
 T - an uncursed ring of teleport control
 V - the ring "Wyog" {SustAb rC+}
   (You found it on level 12 of the Dungeon)

   [ring of sustain abilities]

   It sustains your strength, intelligence and dexterity.
   It protects you from cold.
Magical devices
 c - a wand of enslavement (11)
 e - a wand of heal wounds (3)
 g - a wand of confusion (6)
 v - a wand of fireball (0)
 P - a wand of draining (1)
Scrolls
 h - 3 scrolls of fog
 k - 6 scrolls of magic mapping
 n - 3 scrolls of remove curse
 F - 4 scrolls of fear
 H - 8 scrolls of teleportation
 J - 4 scrolls of immolation
 W - 11 scrolls of identify
 Z - a scroll of blinking
Potions
 b - 2 potions of haste
 j - 4 potions of agility
 s - 4 potions of cancellation
 t - a potion of mutation {unknown}
 x - 2 potions of resistance
 z - a potion of invisibility
 M - 12 potions of curing
 O - a potion of ambrosia
Books
 a - a manual of Long Blades
 G - a book of Hinderance

   Spells                             Type                      Level
   a - Confusing Touch                Hexes                        2
   b - Confuse                        Hexes                        3
   c - Petrify                        Transmutation/Earth          4
   d - Metabolic Englaciation         Hexes/Ice                    5
   e - Gell's Gravitas                Hexes/Translocation          5
   f - Summon Mana Viper              Hexes/Summoning              5
Miscellaneous
 d - a disc of storms
 q - a lamp of fire
 u - a fan of gales
Comestibles
 f - 22 bread rations
 I - 2 meat rations


   Skills:
 * Level 18.2(17.7) Fighting
 * Level 17.3(16.8) Axes
 - Level 7.2(6.8) Throwing
 - Level 13.4(12.9) Armour
 - Level 3.2(2.9) Dodging
 - Level 11.3(10.9) Invocations
 - Level 12.7(12.2) Evocations


You had 16 spell levels left.
You didn't know any spells.

Dungeon Overview and Level Annotations

Branches:
Dungeon (15/15)            Temple (1/1) D:6            Lair (8/8) D:10
  Swamp (4/5) Lair:5       Spider (1/5) Lair:5        Slime (0/6) Lair:6
    Orc (4/4) D:9             Elf (2/3) Orc:3        Vaults (0/5) D:13
 Depths: D:15

Altars:
Ashenzari
Cheibriados
Dithmenos
Fedhas
Kikubaaqudgha
Makhleb
Nemelex Xobeh
Sif Muna
Trog
Xom
Yredelemnul
The Shining One
Beogh

Shops:
D:5 *   D:6 }   D:7 }   D:9 ?   D:10 [   D:11 ?   D:13 :   D:14 [   Orc:4 }=%(
Elf:1 ?

Portals:
Hell: Lair:8
Trove: D:12 (give +5 demon blade)

Annotations:
Lair:5 exclusion: 2 oklob plants


Innate Abilities, Weirdness & Mutations

You are resistant to damage.
You can recharge devices by infusing magical energy.
You resist negative energy.
You passively map the area around you.
You do not heal naturally.
You have a pair of small antennae on your head.


Message History

The deep elf knight is almost dead.
You closely miss the vampiric double sword.
The vampiric double sword is severely damaged.
You closely miss the flail of holy wrath.
The flail of holy wrath is almost destroyed.
The vampiric double sword hits you!
* * * LOW HITPOINT WARNING * * *
The flail of holy wrath hits you but does no damage.
The deep elf knight hits you but does no damage.
You slice the deep elf knight!!
The deep elf knight's shroud falls apart!
You kill the deep elf knight!
Makhleb accepts your kill.
You feel a little better.
You hit the vampiric double sword but do no damage.
The vampiric double sword is severely damaged.
You slice the flail of holy wrath!!
The flail of holy wrath falls from the air.
The vampiric double sword hits you!!!
You die...

##...###...........
##...#............,*
# ##...............
, ##
##.....(.......... ,
.#
#......(..........
## ##...........#...
, # ##.....(...###.
,,,, , #......(..##
, *#........@).# ,
,,, ,
#........))(.......
,, #................
, *#...............
** *
...##.........., * *
, .# ###.......* *
,, * , ##.....** ,**
.... * ,, * . * ,*


You could see a vampiric double sword.

Vanquished Creatures
  A fire giant (D:15)
  A deep elf sorcerer (Elf:2)
  The ghost of Monkaria the Severer, a powerful DDFi of Makhleb (Lair:3)
  The ghost of Gruud the Bludgeoner, a powerful OgHu of Dithmenos (Lair:3)
  The ghost of Armakuni the Champion of Chaos, a powerful DsWn of Makhleb (Elf:1)
  A dire elephant (Lair:8)
  Snorg (Lair:3)
  A deep elf death mage (Elf:2)
  The ghost of hornqvist the Bludgeoner, a powerful GrFi of Cheibriados (D:14)
  A great orb of eyes (D:15)
  Josephine (D:12)
  2 vault guards (D:13)
  3 yaktaur captains (D:15)
  Harold (Lair:5)
  2 ice dragons (IceCv)
  9 hydras
  Nessos (Swamp:2)
  7 ogre magi
  11 dancing weapons (Elf:2)
  A deep troll earth mage (D:15)
  The ghost of Herrn the Cleaver, an experienced FoFi of Okawaru (Bailey)
  4 centaur warriors
  6 death yaks
  5 tengu warriors
  3 alligators
  Urug (Elf:1)
  A sun demon (Lair:8)
  A giant orange brain (D:15)
  An unseen horror (D:13)
  A deep troll (D:15)
  20 deep elf knights
  A skeletal warrior (D:13)
  2 spriggan druids
  Erolcha (D:10)
  4 deep elf summoners
  A shambling mangrove (Swamp:2)
  2 ice statues (IceCv)
  3 hornets
  A hill giant (shapeshifter) (D:15)
  8 hill giants
  The ghost of hornqvist the Basher, an experienced GrFi (Bailey)
  2 swamp dragons
  6 griffons
  8 deep elf conjurers
  2 orc knights
  2 orc sorcerers
  A wolf spider zombie (D:15)
  2 necromancers (D:13)
  2 wolf spiders (Spider:1)
  6 ugly things
  3 cyclopes
  3 wizards
  A manticore (D:15)
  A sixfirhy (Lair:8)
  7 elephants
  2 smoke demons
  15 spiny frogs
  7 black mambas
  An eye of devastation (Lair:6)
  10 centaur skeletons
  Psyche (Orc:1)
  4 gargoyles
  9 komodo dragons
  2 tengu conjurers
  3 deep elf priests (Elf:2)
  5 orange demons (Lair:8)
  A yaktaur (D:13)
  A hellwing (D:10)
  2 fire drakes (Lair:8)
  4 jumping spiders
  An air elemental (Elf:2)
  A wolf spider simulacrum (D:15)
  A two-headed ogre (shapeshifter) (Elf:1)
  4 polar bears
  8 giant leeches
  The ghost of UristMcMason the Slasher, an average HuCK of Xom (D:5)
  A red devil (Lair:8)
  A wandering mushroom (Lair:7)
  A boulder beetle (D:15)
  2 bog bodies
  12 ravens
  20 two-headed ogres
  3 blue devils (Lair:8)
  A baby alligator (Swamp:1)
  A hornet zombie (D:15)
  9 blink frogs
  A trapdoor spider zombie (D:11)
  12 slime creatures
  3 trolls
  2 basilisks
  3 spriggans (Swamp:4)
  4 shadows
  10 wraiths
  34 yaks
  A trapdoor spider (Spider:1)
  5 wyverns
  A yak (shapeshifter) (Elf:1)
  A redback (Spider:1)
  3 tarantellas (Spider:1)
  Eustachio (D:10)
  A fire elemental (D:10)
  21 deep elf magi
  14 humans (D:13)
  28 wolves
  25 vampire mosquitoes
  22 deep elf fighters
  15 hippogriffs
  3 steam dragons
  6 insubstantial wisps (Swamp:3)
  2 mottled dragons
  19 water moccasins
  A trapdoor spider simulacrum (D:15)
  2 soldier ants
  19 swamp worms
  A hell hound (Lair:8)
  11 porcupines
  23 ice beasts
  46 ogres
  3 sky beasts
  3 black bears
  3 eyes of draining
  27 orc warriors
  4 swamp drakes
  2 wasps (Swamp:4)
  8 spiders (Lair:5)
  2 phantoms
  5 boggarts (D:14)
  19 crocodiles
  A necrophage (D:13)
  3 boring beetles
  9 centaurs
  2 big kobolds
  An earth elemental (D:10)
  A wyvern zombie (D:12)
  21 giant frogs
  3 scorpions
  A wyvern skeleton (D:9)
  3 wights (D:6)
  7 killer bees
  8 electric eels
  3 goliath beetles
  18 hounds
  29 orc priests
  3 centaur zombies
  2 giant frog skeletons
  4 jellies
  5 crimson imps
  A quasit (D:13)
  A human zombie (D:13)
  8 iguanas
  A hell rat (Elf:2)
  23 orc wizards
  8 worker ants
  Ijyb (D:3)
  A sheep (Lair:8)
  A hound skeleton (D:8)
  86 river rats
  11 gnolls
  7 shadow imps
  2 giant mites
  30 adders
  2 white imps (D:10)
  2 worms
  An ufetubus (D:10)
  An adder skeleton (D:8)
  An adder zombie (D:7)
  6 giant geckos
  An ooze (D:5)
  236 orcs
  18 bats
  A bat zombie (D:5)
  28 goblins
  20 hobgoblins
  2 jackals (D:5)
  12 quokkas
  8 ball pythons
  7 giant cockroaches
  2 giant newts
  A jackal skeleton (D:8)
  24 kobolds
  20 rats
  18 ballistomycetes
  2 briar patches (Swamp:1)
  8 fungi
  3 plants
1441 creatures vanquished.

Vanquished Creatures (collateral kills)
  A thorn hunter (Swamp:1)
  A frost giant (D:15)
  An ettin (D:15)
  A hydra (Lair:8)
  2 centaur warriors
  3 alligators
  A death yak (Lair:6)
  A swamp dragon (Swamp:1)
  2 orc knights (Orc:1)
  An oklob plant (Swamp:1)
  An elephant (Lair:8)
  An orange demon (IceCv)
  2 spiny frogs (Swamp:1)
  A hellwing (IceCv)
  A komodo dragon (D:15)
  4 slime creatures (Swamp:3)
  2 baby alligators (Swamp:1)
  An air elemental (D:10)
  A basilisk (D:15)
  A spriggan (Swamp:3)
  A water elemental (D:10)
  4 yaks (D:10)
  A vampire mosquito (Swamp:1)
  5 humans (D:13)
  A mottled dragon (D:15)
  4 swamp worms
  A water moccasin (Swamp:1)
  A wasp (Swamp:3)
  An eye of draining (Lair:6)
  A swamp drake (Swamp:1)
  5 orc warriors
  An ice beast (IceCv)
  An ogre (D:13)
  2 crocodiles
  A wyvern skeleton (D:13)
  3 killer bees (D:13)
  A giant frog skeleton (D:10)
  3 orc priests (Orc:1)
  A white imp (D:10)
  10 orcs
  A ballistomycete (D:13)
  2 briar patches (Swamp:1)
80 creatures vanquished.

Vanquished Creatures (others)
  An unseen horror (D:15)
  An air elemental (Elf:2)
  An orange demon (IceCv)
  3 fire elementals (Elf:2)
  2 ynoxinuls
  A neqoxec (IceCv)
  A sky beast (D:14)
  A river rat (Lair:7)
  5 ufetubi
  An orc (Orc:4)
  5 giant spores
  7 toadstools (Swamp:1)
29 creatures vanquished.

Grand Total: 1550 creatures vanquished

Notes
Turn   | Place    | Note
--------------------------------------------------------------
     0 | D:1      | BluebellGnoll, the Deep Dwarf Gladiator, began the quest for the Orb.
     0 | D:1      | Reached XP level 1. HP: 19/19 MP: 1/1
   282 | D:1      | Reached XP level 2. HP: 18/27 MP: 2/2
  1110 | D:2      | Reached XP level 3. HP: 17/34 MP: 3/3
  1442 | D:3      | Reached XP level 4. HP: 13/44 MP: 4/4
  1706 | D:3      | Noticed Ijyb
  1715 | D:3      | Killed Ijyb
  1715 | D:3      | Reached skill level 1 in Armour
  2011 | D:3      | Reached skill level 4 in Axes
  2048 | D:3      | Found a shimmering altar of Xom.
  2050 | D:3      | Found a basalt altar of Yredelemnul.
  2273 | D:3      | Reached XP level 5. HP: 15/50 MP: 5/5
  2707 | D:4      | Reached XP level 6. HP: 43/57 MP: 6/6
  2750 | D:4      | Reached skill level 5 in Axes
  3029 | D:4      | Reached skill level 5 in Armour
  3029 | D:4      | Reached XP level 7. HP: 29/63 MP: 7/7
  3144 | D:4      | Reached skill level 6 in Axes
  3308 | D:4      | Noticed an ogre
  3319 | D:4      | Killed an ogre
  3454 | D:5      | Entered Level 5 of the Dungeon
  3555 | D:5      | Found Ilexe's Elemental Accessories.
  3653 | D:5      | Reached skill level 5 in Fighting
  3653 | D:5      | Reached XP level 8. HP: 26/74 MP: 7/7
  3770 | D:5      | Noticed UristMcMason's ghost (average HuCK)
  3789 | D:5      | Paralysed by UristMcMason's ghost for 4 turns
  3801 | D:5      | Killed UristMcMason's ghost
  4271 | D:6      | Reached skill level 7 in Fighting
  4698 | D:6      | Found a staircase to the Ecumenical Temple.
  4720 | Temple   | Entered the Ecumenical Temple
  4750 | Temple   | Became a worshipper of Makhleb the Destroyer
  4794 | D:6      | HP: 3/80 [orc warrior/scimitar (18)]
  4947 | D:6      | Acquired Makhleb's first power
  5087 | D:6      | Reached skill level 8 in Axes
  5132 | D:6      | Gained mutation: You passively map the area around you. [level up]
  5132 | D:6      | Reached XP level 9. HP: 27/86 MP: 7/7
  5228 | D:6      | Found Miliegit's Gadget Shop.
  5233 | D:6      | Bought a wand of draining (4) for 104 gold pieces
  5632 | D:7      | Found Roqus' Gadget Shoppe.
  5756 | D:7      | Reached skill level 9 in Axes
  5854 | D:7      | Acquired Makhleb's second power
  5904 | D:7      | Found a shadowy altar of Dithmenos.
  6173 | D:7      | Got a smoking falchion
  6174 | D:7      | Identified the +6 falchion of Destiny {flame, +Blink rF+ Dex+6} (You found it on level 7 of the Dungeon)
  6462 | D:8      | Reached skill level 10 in Axes
  6872 | D:8      | Got a jewelled chain mail
  6883 | D:8      | Identified the +2 chain mail of Cowardice {-Cast rC+ rN+ Str+2 SInv} (You found it on level 8 of the Dungeon)
  6974 | D:8      | Found a sparkling altar of Nemelex Xobeh.
  6974 | D:8      | Found a blossoming altar of Fedhas.
  7144 | D:9      | Found Orom's Magic Scroll Boutique.
  7147 | D:9      | Bought a scroll of blinking for 105 gold pieces
  7147 | D:9      | Bought a scroll of blinking for 105 gold pieces
  7147 | D:9      | Bought a scroll of identify for 28 gold pieces
  7147 | D:9      | Bought a scroll of remove curse for 42 gold pieces
  7254 | D:9      | Acquired Makhleb's third power
  7271 | D:9      | Reached XP level 10. HP: 96/99 MP: 7/7
  7497 | D:9      | Reached skill level 10 in Fighting
  7553 | D:9      | Reached skill level 1 in Evocations
  7621 | D:9      | Found a snail-covered altar of Cheibriados.
  7714 | D:9      | Reached skill level 5 in Evocations
  7787 | D:9      | Found a staircase to the Orcish Mines.
  8084 | D:10     | Entered Level 10 of the Dungeon
  8166 | D:10     | Found a large runed door.
  8166 | D:10     | Found a large runed door.
  8229 | D:10     | Acquired Makhleb's fourth power
  8370 | D:10     | Noticed a hill giant
  8376 | D:10     | Killed a hill giant
  8376 | D:10     | Reached skill level 5 in Throwing
  8497 | D:10     | Noticed Eustachio
  8520 | D:10     | Killed Eustachio
  8601 | D:10     | Found Ymasua's Armour Shoppe.
  8818 | D:10     | Noticed Erolcha
  8821 | D:10     | Reached XP level 11. HP: 54/108 MP: 17/17
  8829 | D:10     | Killed Erolcha
  9128 | D:10     | Found a staircase to the Lair.
  9238 | Lair:1   | Entered Level 1 of the Lair of Beasts
  9307 | Lair:1   | Found a frozen archway.
  9326 | IceCv    | Entered an ice cave
  9402 | IceCv    | Reached skill level 1 in Invocations
  9408 | IceCv    | Noticed an ice statue
  9408 | IceCv    | Noticed an ice statue
  9465 | IceCv    | Killed an ice statue
  9480 | IceCv    | Killed an ice statue
  9641 | IceCv    | Noticed an ice dragon
  9655 | IceCv    | Noticed an ice dragon
  9655 | IceCv    | Reached skill level 5 in Invocations
  9679 | IceCv    | HP: 4/110 [ice dragon (8)]
  9683 | IceCv    | Killed an ice dragon
  9697 | IceCv    | Killed an ice dragon
  9748 | IceCv    | Got a coiled copper ring
  9761 | IceCv    | Identified the ring "Qeungir" {rElec rF+ Str+6 Dex+4} (You found it in an ice cave)
 10340 | Lair:1   | Reached skill level 10 in Invocations
 10749 | Lair:2   | Reached XP level 12. HP: 117/117 MP: 17/17
 10786 | Lair:2   | Reached skill level 11 in Invocations
 10813 | Lair:2   | Acquired Makhleb's fifth power
 11175 | Lair:2   | Noticed a four-headed hydra
 11184 | Lair:2   | Killed a five-headed hydra
 11832 | Lair:3   | Noticed Snorg
 11846 | Lair:3   | Killed Snorg
 11852 | Lair:3   | Noticed Gruud's ghost (powerful OgHu)
 11875 | Lair:3   | Killed Gruud's ghost
 12294 | Lair:3   | Noticed Monkaria's ghost (powerful DDFi)
 12310 | Lair:3   | HP: 4/122 [Monkaria's ghost (17)]
 12429 | Lair:3   | Killed Monkaria's ghost
 12785 | Orc:1    | Entered Level 1 of the Orcish Mines
 12893 | Orc:1    | Found a roughly hewn altar of Beogh.
 13327 | Orc:1    | Noticed Psyche
 13339 | Orc:1    | Killed Psyche
 13466 | Orc:1    | Found a roughly hewn altar of Beogh.
 14412 | Orc:3    | Found a staircase to the Elven Halls.
 14893 | Orc:4    | Entered Level 4 of the Orcish Mines
 15109 | Orc:4    | Reached XP level 13. HP: 125/128 MP: 15/15
 15625 | Orc:4    | Noticed an ogre mage
 15632 | Orc:4    | Killed an ogre mage
 15872 | Orc:4    | Noticed an ogre mage
 15875 | Orc:4    | Killed an ogre mage
 15876 | Orc:4    | Noticed an ogre mage
 15889 | Orc:4    | Killed an ogre mage
 15889 | Orc:4    | Reached skill level 10 in Armour
 15922 | Orc:4    | Noticed an ogre mage
 15938 | Orc:4    | Killed an ogre mage
 15975 | Orc:4    | Found Chiweudy's Gadget Shop.
 15977 | Orc:4    | Found Igulirr's Jewellery Shoppe.
 16155 | Orc:4    | Found Kesel's Weapon Boutique.
 16156 | Orc:4    | Found Xeunt's Food Shoppe.
 16777 | D:7      | Bought a +0 rod of destruction (14/14) for 1140 gold pieces
 16777 | D:7      | Bought a fan of gales for 480 gold pieces
 16910 | Lair:4   | Reached skill level 12 in Axes
 17026 | Lair:4   | Upgraded the game from 0.16-a0-4004-g8d6611c to 0.16-a0-4008-gc88e425
 18154 | Lair:5   | Noticed Harold
 18206 | Lair:5   | Killed Harold
 18415 | Lair:5   | Found a hole to the Spider Nest.
 18429 | Lair:5   | Reached skill level 13 in Axes
 18779 | Lair:5   | Found a staircase to the Swamp.
 19010 | Lair:6   | Reached skill level 14 in Axes
 19356 | Lair:5   | Gained mutation: You resist negative energy. [level up]
 19356 | Lair:5   | Reached XP level 14. HP: 71/139 MP: 16/16
 19532 | Lair:6   | Found a staircase to the Slime Pits.
 20256 | D:11     | Found Nacisk's Magic Scroll Boutique.
 20260 | D:11     | Bought a scroll of blinking for 82 gold pieces
 20260 | D:11     | Bought a scroll of teleportation for 33 gold pieces
 20260 | D:11     | Bought a scroll of identify for 22 gold pieces
 20260 | D:11     | Bought a scroll of identify for 22 gold pieces
 20898 | D:12     | Noticed Josephine
 20903 | D:12     | Killed Josephine
 20937 | D:12     | Found a portal to a secret trove of treasure.
 21006 | D:12     | Got a slimy bronze ring
 21008 | D:12     | Identified the ring "Wyog" {SustAb rC+} (You found it on level 12 of the Dungeon)
 21223 | D:12     | Gained mutation: You have a pair of small antennae on your head. [mutagenic meat]
 21321 | D:12     | Reached skill level 10 in Evocations
 21783 | Swamp:1  | Entered Level 1 of the Swamp
 22230 | Swamp:1  | Noticed a thorn hunter
 22238 | Swamp:1  | Killed a thorn hunter
 23403 | D:13     | Found Siuziulo's Book Shoppe.
 23792 | D:13     | Found a shimmering altar of Xom.
 23865 | D:13     | Got a jewelled dagger
 23903 | D:13     | Found a gate to the Vaults.
 24057 | D:13     | Identified the +8 dagger "Jellybane" {pain, rElec rC- Int+6} (You found it on level 13 of the Dungeon)
 24150 | D:14     | Reached XP level 15. HP: 131/151 MP: 16/16
 24286 | D:14     | Found a flagged portal.
 24299 | Bailey   | Entered a bailey
 24302 | Bailey   | Noticed hornqvist's ghost (experienced GrFi)
 24320 | Bailey   | Killed hornqvist's ghost
 24366 | Bailey   | Noticed Herrn's ghost (experienced FoFi)
 24391 | Bailey   | Killed Herrn's ghost
 24676 | Bailey   | Got a steaming dire flail
 25066 | D:14     | Found a deep blue altar of Sif Muna.
 25163 | D:13     | Identified the cursed -2 dire flail "Griloqor" {antimagic, Dex+3} (You took it off an orc in a bailey)
 25351 | D:14     | Reached skill level 15 in Fighting
 25564 | D:14     | Found Fiha's Armour Emporium.
 26348 | D:14     | Found a glowing golden altar of the Shining One.
 26438 | D:14     | Noticed hornqvist's ghost (powerful GrFi)
 26448 | D:14     | Killed hornqvist's ghost
 27221 | Swamp:2  | Noticed Nessos
 27235 | Swamp:2  | Killed Nessos
 27235 | Swamp:2  | Reached skill level 16 in Fighting
 27919 | Spider:1 | Entered Level 1 of the Spider Nest
 29443 | Lair:8   | Entered Level 8 of the Lair of Beasts
 30101 | Lair:8   | Reached XP level 16. HP: 132/168 MP: 16/16
 30432 | Lair:8   | Found a burning altar of Makhleb.
 30764 | Lair:8   | Found a gateway to Hell.
 32544 | D:15     | Entered Level 15 of the Dungeon
 32621 | D:15     | Reached skill level 17 in Fighting
 32754 | D:15     | Found a bloodstained altar of Trog.
 32755 | D:15     | Found a basalt altar of Yredelemnul.
 32755 | D:15     | Found an ancient bone altar of Kikubaaqudgha.
 32980 | D:15     | Got a warped shortbow
 32981 | D:15     | Identified the +6 shortbow of Uhump {speed, MR- Str+4 Stlth+} (You took it off a crimson imp on level 15 of the Dungeon)
 33141 | D:15     | Reached skill level 15 in Axes
 33310 | D:15     | HP: 7/169 [frost giant/bolt of cold (12)]
 33560 | D:13     | Identified a +1 rod of inaccuracy (10/10) (You took it off a centaur warrior on level 15 of the Dungeon)
 34116 | Orc:4    | Bought a lamp of fire for 600 gold pieces
 35075 | Swamp:4  | Reached XP level 17. HP: 64/177 MP: 15/15
 35656 | Elf:1    | Entered Level 1 of the Elven Halls
 35779 | Elf:1    | Noticed Armakuni's ghost (powerful DsWn)
 35784 | Elf:1    | Killed Armakuni's ghost
 35826 | Elf:1    | Found Cirali's Magic Scroll Shop.
 35835 | Elf:1    | Bought a scroll of blinking for 142 gold pieces
 35835 | Elf:1    | Bought a scroll of teleportation for 57 gold pieces
 35835 | Elf:1    | Bought a scroll of magic mapping for 66 gold pieces
 35835 | Elf:1    | Bought a scroll of magic mapping for 66 gold pieces
 35924 | Elf:1    | Noticed Urug
 35936 | Elf:1    | Killed Urug
 36769 | Elf:2    | Identified a scroll of acquirement
 36943 | Elf:2    | Found a runed gate.
 36947 | Elf:2    | Found a runed gate.
 36959 | Elf:2    | Found a runed gate.
 37044 | Elf:2    | HP: 4/178 [battleaxe of venom (25)]
 37060 | Elf:2    | Reached skill level 18 in Fighting
 37064 | Elf:2    | HP: 7/178 [battleaxe of venom (18)]
 37087 | Elf:2    | HP: 6/178 [battleaxe of venom (18)]
 37426 | Elf:2    | HP: 3/178 [glaive of freezing (28)]
 37465 | Elf:2    | Slain by a vampiric double sword

Action                   |  1- 3 |  4- 6 |  7- 9 | 10-12 | 13-15 | 16-18 || total
-------------------------+-------+-------+-------+-------+-------+-------++-------
Melee: War axe           |    84 |   149 |    56 |       |       |    11 ||   300
       Hand axe          |       |       |   446 |  1099 |  1770 |   116 ||  3431
       Executioner's axe |       |       |       |       |       |   602 ||   602
Throw: Stone             |    32 |    72 |    44 |   274 |   196 |    23 ||   641
       Throwing net      |     3 |     3 |     4 |       |       |       ||    10
       Tomahawk          |       |     8 |    33 |    27 |   316 |    94 ||   478
       Javelin           |       |       |    19 |     5 |     9 |       ||    33
Invok: Lesser Servant of |       |       |       |    12 |       |       ||    12
       Major Destruction |       |       |       |     7 |    79 |    21 ||   107
       Greater Servant o |       |       |       |     4 |     4 |     1 ||     9
 Abil: Device Recharging |       |       |     3 |     9 |     3 |     6 ||    21
Evoke: Wand              |       |    11 |    29 |    56 |    33 |    27 ||   156
       Deck              |       |       |       |     4 |       |       ||     4
       Rod               |       |       |       |       |    31 |    43 ||    74
       Fan of gales      |       |       |       |       |     2 |     2 ||     4
       Disc of storms    |       |       |       |       |     1 |       ||     1
       Lamp of fire      |       |       |       |       |       |     1 ||     1
  Use: Scroll            |       |    12 |     8 |    10 |    16 |    12 ||    58
       Potion            |       |       |     4 |    12 |     5 |     5 ||    26
 Stab: Held in net/web   |     2 |     1 |       |       |       |       ||     3
       Confused          |       |     1 |     8 |     7 |     7 |       ||    23
       Invisible         |       |       |       |     6 |       |       ||     6
       Distracted        |       |       |       |     3 |     1 |       ||     4
  Eat: Chunk             |     9 |    15 |    12 |    32 |    65 |    32 ||   165
